 Dungeon Crawl Stone Soup version 0.30-a0-972-gf3ab3527aa (webtiles) character file.

Game seed: 10244511074789907693

38 vishdafish the Conjurer (level 3, -2/24 HPs)
             Began as a Demonspawn Conjurer on Mar 31, 2023.
             Slain by a gnoll
             ... wielding a +0 halberd
              (12 damage)
             ... on level 2 of the Dungeon.
             The game lasted 00:01:51 (1504 turns).

vishdafish the Conjurer (Demonspawn Conjurer)       Turns: 1504, Time: 00:01:52

Health: -2/24      AC:  4    Str:  7    XL:     3   Next: 25%
Magic:  1/7        EV: 12    Int: 21    God:
Gold:   75         SH:  0    Dex: 11    Spells: 6/7 levels left

rFire   . . .      SeeInvis .    i - +0 dagger
rCold   . . .      Faith    .    (no shield)
rNeg    . . .      Spirit   .    a - +0 robe
rPois   .          Reflect  .    (helmet restricted)
rElec   .          Rampage  .    (no cloak)
rCorr   .                        (no gloves)
Will    .....                    (no boots)
Stlth   ++                       (no amulet)
HPRegen 0.24/turn                (no ring)
MPRegen 0.10/turn                (no ring)

@: no status effects
A: horns 1, icy blue scales 1
a: no special abilities


You were on level 2 of the Dungeon.
You visited 1 branch of the dungeon, and saw 2 of its levels.

You collected 75 gold pieces.

Inventory:

Hand Weapons
 i - a +0 dagger (weapon)
Armour
 a - a +0 robe (worn)
 l - a +0 pair of boots
Jewellery
 j - a +4 ring of protection
Scrolls
 c - a scroll of magic mapping {unknown}
 d - a scroll of noise {unknown}
 h - a scroll of blinking {unknown}
Potions
 b - a potion of magic
 e - a potion of attraction {unknown}
 f - a potion of curing
 g - a potion of brilliance {unknown}
 k - a potion of heal wounds {unknown}


   Skills:
 - Level 1.7 Dodging
 - Level 1.7 Stealth
 + Level 2.8 Spellcasting
 + Level 4.6 Conjurations


You had 6 spell levels left.
You knew the following spells:

 Your Spells              Type           Power      Damage    Failure   Level
a - Magic Dart            Conj           88%        1d7       1%          1

Your spell library contained the following spells:

 Spells                   Type           Power      Damage    Failure   Level
 Searing Ray              Conj           44%        2d6       3%          2
 Dazzling Flash           Conj/Hex       24%        N/A       16%         3
 Fulminant Prism          Conj/Hex       6%         3d7       45%         4
 Iskenderun's Mystic Bla  Conj/Tloc      12%        2d5       45%         4
 Olgreb's Toxic Radiance  Pois           2%         N/A       80%         4
 Ozocubu's Refrigeration  Ice            1%         4d7       100%        7
 Ignition                 Fire           1%         3d3       100%        8


Dungeon Overview and Level Annotations

Branches:
Dungeon (2/15)

Altars:


Innate Abilities, Weirdness & Mutations

You have a pair of small horns on your head.
You are partially covered in icy blue scales. (AC +2)


Message History

An endoplasm is nearby!
The magic dart hits the endoplasm.
The endoplasm is almost dead.
The endoplasm quivers.
The magic dart hits the endoplasm.
You kill the endoplasm!
You have reached level 3!
Your experience leads to an increase in your attributes!
Increase (S)trength, (I)ntelligence, or (D)exterity?
You feel clever. x2; Your demonic ancestry asserts itself...
A pair of horns grows on your head!
Found a stone staircase leading down.
A worm comes into view.
You see here a +0 pair of boots.
l - a +0 pair of boots 3 gnolls come into view.
A gnoll is wielding a +1 flail of holy wrath.
Found 2 bubbling puce potions and 11 gold pieces.
The gnoll shouts! x2
The magic dart hits the gnoll.
The gnoll is moderately wounded.
The magic dart hits the gnoll.
The gnoll is almost dead.
The gnoll barely misses you.
The magic dart hits the gnoll.
You kill the gnoll!
The magic dart hits the gnoll.
The gnoll is lightly wounded.
The gnoll closely misses you.
The magic dart hits the gnoll.
The gnoll is lightly wounded.
The gnoll hits you from afar with a +0 halberd.
The gnoll hits you with a +1 flail of holy wrath!
You convulse!
* * * LOW HITPOINT WARNING * * *
You are too injured to fight recklessly!
It was a potion of curing.
You feel better.
The gnoll hits you from afar with a +0 halberd!
Ouch! That really hurt!
You die...

#.# #.# #$#
#g# #####
... #...#
#!# ##.#.#
#.# #....#
###g####
..#..#
#@g...>#
#...##
######.#
##.## #.# #
##.#
######.##.#
##.##
#.......w.#
##..#
######.####
###.# #.#
###.# ##.##
.##.#
##...##


You could see 2 gnolls.

Vanquished Creatures
  A gnoll (D:2)
  A worm (D:2)
  7 ball pythons
  An endoplasm (D:2)
  3 hobgoblins
  3 bats
  2 frilled lizards
  A goblin (D:1)
  3 kobolds
  3 rats
25 creatures vanquished.

Notes
Turn   | Place    | Note
-------+----------+-------------------------------------------
     0 | D:1      | vishdafish the Demonspawn Conjurer began the quest for the
                  | Orb.
     0 | D:1      | Reached XP level 1. HP: 13/13 MP: 3/3
   555 | D:1      | Gained mutation: You are partially covered in icy blue
                  | scales. (AC +2) [demonic ancestry]
   555 | D:1      | Reached XP level 2. HP: 19/19 MP: 3/5
  1485 | D:2      | Gained mutation: You have a pair of small horns on your
                  | head. [demonic ancestry]
  1485 | D:2      | Reached XP level 3. HP: 24/24 MP: 4/7
  1504 | D:2      | Slain by a gnoll

Illustrated notes

Levels and vault maps discovered:
D:1:      tekkud_arrival_beachfront_property, layout_basic,
          kennysheep_flooded_box, minmay_misc_feat_enclosed
D:2:      layout_loops_ring, uniq_crazy_yiuf_cottage

Action                     || total
---------------------------++-------
  Melee: Unarmed           ||    17
         Dagger            ||     8
   Cast: Magic Dart        ||    59
    Use: Potion            ||     1
 Armour: Robe              ||    12
  Dodge: Dodged            ||    23

Table legend: (Time is in decaauts)
 A = Elapsed time spent in this place.
 B = Non-inter-level travel time spent in this place.
 C = Inter-level travel time spent in this place.
 D = Time resting spent in this place.
 E = Time spent auto-exploring this place.
 F = Levels seen in this place.
 G = Mean time per level.
                   A        B        C        D        E       F      G
               +--------+--------+--------+--------+--------+-----+--------+
         Total |   1504 |   1500 |      4 |     44 |   1222 |   2 |  752.0 |
       Dungeon |   1504 |   1500 |      4 |     44 |   1222 |   2 |  752.0 |
               +--------+--------+--------+--------+--------+-----+--------+

Top non-repeatable levels by time:
     D:1: 961 daAuts
     D:2: 542 daAuts
